 Dungeon Crawl Stone Soup version 0.26.1-11-gd32895ea62 (webtiles) character file.

Game seed: 1414583391496031278

12013 Ijustatesigmund the Basher (level 11, -1/78 HPs)
             Began as an Octopode Fighter on July 13, 2021.
             Was a High Priest of Cheibriados.
             Slain by a boulder beetle (15 damage)
             ... on level 11 of the Dungeon.
             The game lasted 00:22:32 (11266 turns).

Ijustatesigmund the Basher (Octopode Fighter)      Turns: 11266, Time: 00:22:33

Health: -1/78      AC:  1    Str: 34    XL:     11   Next: 86%
Magic:  16/16      EV: 22    Int: 32    God:    Cheibriados [*****.]
Gold:   554        SH: 18    Dex: 24    Spells: 10/10 levels left

rFire    . . .     SeeInvis .   D - +7 broad axe
rCold    + . .     Faith    +   b - +5 kite shield
rNeg     + + +     Spirit   .   (helmet restricted)
rPois    +         Reflect  .   p - amulet "Viog Nai" {Faith +Fly rC+ Dex+4}
rElec    .         Harm     .   d - ring of positive energy
rCorr    .         Rampage  .   f - +4 ring of slaying
Will     +....                  v - ring of flight
Stlth    +++.......             B - ring of Midwinter {rPois Int+7}
HPRegen  0.23/turn              h - ring "Gogy" {rN+ Will+ EV+4 Str+7 Dex-5}
MPRegen  0.15/turn              A - ring of positive energy
                                (no ring)
                                (no ring)

@: very slow
A: almost no armour, stealthy swim, amphibious, 8 rings, constrict 8, camouflage
1, gelatinous body 1
a: Renounce Religion, Evoke Flight, Bend Time, Temporal Distortion, Slouch, Step
From Time


You were on level 11 of the Dungeon.
You worshipped Cheibriados.
Cheibriados was extremely pleased with you.
You visited 2 branches of the dungeon, and saw 12 of its levels.

You collected 660 gold pieces.
You spent 106 gold pieces at shops.

Inventory:

Hand Weapons
 a - a +0 morningstar
 D - a +7 broad axe (weapon)
Missiles
 i - 4 atropa-tipped darts (quivered)
Armour
 b - a +5 kite shield (worn)
Jewellery
 d - a ring of positive energy (left tentacle)
 f - a +4 ring of slaying (right tentacle)
 h - the ring "Gogy" (on tentacle) {rN+ Will+ EV+4 Str+7 Dex-5}
   (You found it on level 7 of the Dungeon)

   [ring of evasion]

   It affects your evasion (+4).
   It affects your strength (+7).
   It affects your dexterity (-5).
   It protects you from negative energy.
   It affects your willpower, your defense against some magical effects.
 p - the amulet "Viog Nai" (around mantle) {Faith +Fly rC+ Dex+4}
   (You found it on level 7 of the Dungeon)

   [amulet of faith]

   It allows you to gain divine favour quickly.
   It affects your dexterity (+4).
   It protects you from cold.
   It lets you fly.
 v - a ring of flight (on tentacle)
 A - a ring of positive energy (on tentacle)
 B - the ring of Midwinter (on tentacle) {rPois Int+7}
   (You found it on level 7 of the Dungeon)

   [ring of poison resistance]

   It affects your intelligence (+7).
   It protects you from poison.
 C - the ring "Dinit" {rElec rPois rF+ rC+ Slay-3}
   (You found it on level 7 of the Dungeon)

   [ring of protection from fire]

   It affects your accuracy and damage with ranged weapons and melee attacks
   (-3).
   It protects you from fire.
   It protects you from cold.
   It insulates you from electricity.
   It protects you from poison.
Wands
 e - a wand of paralysis (5)
 w - a wand of polymorph (26)
Scrolls
 j - 3 scrolls of remove curse
 l - 3 scrolls of immolation
 m - 2 scrolls of identify
 x - 3 scrolls of teleportation
 y - a scroll of amnesia
Potions
 c - 2 potions of might
 g - 2 potions of curing
 k - 2 potions of attraction
 n - 2 potions of flight
 q - a potion of lignification
 r - a potion of ambrosia
 s - 3 potions of magic
 t - a potion of mutation
 z - a potion of brilliance


   Skills:
 + Level 8.4 Fighting
 + Level 1.1(7.0) Axes
 - Level 10.9 Maces & Flails
 - Level 7.4 Dodging
 - Level 7.4 Shields
 + Level 7.4 Invocations
 + Level 6.0 Evocations


You had 10 spell levels left.
You didn't know any spells.
Your spell library contained the following spells:

 Spells                   Type           Power        Failure   Level
 Foxfire                  Conj/Fire      0%           22%         1
 Conjure Flame            Conj/Fire      0%           54%         3
 Inner Flame              Hex/Fire       0%           54%         3
 Sticky Flame             Conj/Fire      0%           91%         4
 Fireball                 Conj/Fire      0%           99%         5


Dungeon Overview and Level Annotations

Branches:
Dungeon (11/15)            Temple (1/1) D:7            Lair (0/6) D:10
    Orc: D:9-12

Altars:
Ashenzari
Cheibriados
Dithmenos
Elyvilon
Fedhas
Gozag
Hepliaklqana
Kikubaaqudgha
Makhleb
Nemelex Xobeh
Okawaru
Qazlal
Ru
Sif Muna
Trog
Uskayaw
Vehumet
Xom
Yredelemnul
Zin
The Shining One

Shops:
D:5 *   D:7 [


Innate Abilities, Weirdness & Mutations

You cannot wear most types of armour.
You are very stealthy in the water. (Stealth+)
You are amphibious.
You can wear up to eight rings at the same time.
You can use your tentacles to constrict eight enemies at once.
Your skin changes colour to match your surroundings (Stealth+).
Your rubbery body absorbs attacks. (AC +1, EV +1)


Message History

Ouch! That really hurt!
* * * LOW HITPOINT WARNING * * *
The boulder beetle stops rolling and uncurls.
The boulder beetle completely misses you.
You hear a howl! x2
You are too injured to fight recklessly!
You are too injured to fight recklessly!
You are too injured to fight recklessly!
You are too injured to fight recklessly!
You are too injured to fight recklessly!
You are too injured to fight recklessly!
You feel much better. You block the boulder beetle's attack.
You slash the boulder beetle!
The boulder beetle is moderately wounded.
The boulder beetle bites you!!
* * * LOW HITPOINT WARNING * * *
You slash the boulder beetle!
The boulder beetle is moderately wounded.
The boulder beetle bites you!
You die...

###### #....#
#####....######
.##....B.........
.......@?=.......
.............^...
#........<)......
##...............
#........#......
#........#......
#........# .....
#.......## .....
##..)...# ..##


You could see a boulder beetle.

Vanquished Creatures
  Harold (D:7)
  A hydra (D:8)
  A boulder beetle (D:10)
  Urug (D:10)
  An unseen horror (D:5)
  2 cyclopes
  2 trolls
  A hornet (D:10)
  Grinder (D:3)
  A wyvern (D:8)
  7 yaks
  Sigmund (D:6)
  A vampire (D:10)
  4 vampire mosquitoes
  Menkaure (D:7)
  2 wargs (D:10)
  Duvessa (D:7)
  3 orc warriors
  2 ice beasts
  A sky beast (D:10)
  2 phantoms
  A necrophage (D:10)
  6 ogres
  4 centaurs
  8 bullfrogs
  A big kobold (D:9)
  A wyvern zombie (D:10)
  Dowan (D:7)
  6 scorpions
  13 killer bees
  2 howler monkeys
  3 wights (D:8)
  A bullfrog zombie (D:7)
  5 jellies
  4 hounds
  3 bullfrog skeletons
  13 orc priests
  Natasha (twice) (D:2)
  3 iguanas
  6 orc wizards
  8 worker ants
  A howler monkey zombie (D:9)
  A worker ant zombie (D:10)
  A hound skeleton (D:8)
  13 adders
  4 shadow imps
  3 white imps
  2 oozes (D:5)
  A worm (D:4)
  An adder skeleton (D:4)
  3 dart slugs
  4 leopard geckos
  43 orcs
  A ball python (D:5)
  17 bats
  5 giant cockroaches (D:1)
  6 goblins
  7 hobgoblins
  12 kobolds
  3 quokkas
  A ball python skeleton (D:4)
  2 frilled lizards
  2 leopard gecko zombies
  A quokka skeleton (D:5)
  2 rats
264 creatures vanquished.

Vanquished Creatures (others)
  2 killer bees
  A big kobold (D:7)
  A bullfrog (D:8)
  A jelly (D:8)
  2 worker ants (D:8)
  A leopard gecko (D:8)
  7 fungi (D:9)
15 creatures vanquished.

Grand Total: 279 creatures vanquished

Notes
Turn   | Place    | Note
-------+----------+-------------------------------------------
     0 | D:1      | Ijustatesigmund the Octopode Fighter began the quest for
                  | the Orb.
     0 | D:1      | Reached XP level 1. HP: 16/16 MP: 1/1
   132 | D:1      | Reached XP level 2. HP: 16/21 MP: 2/2
   587 | D:1      | Reached skill level 3 in Maces & Flails
   602 | D:1      | Reached XP level 3. HP: 26/26 MP: 3/3
   957 | D:1      | You fall into a shaft and drop 1 floor!
  1587 | D:2      | Reached XP level 4. HP: 26/32 MP: 4/4
  1694 | D:2      | Noticed Natasha
  1700 | D:2      | Killed Natasha
  1976 | D:2      | Reached skill level 4 in Maces & Flails
  1991 | D:2      | Noticed Natasha
  1999 | D:2      | Killed Natasha
  2162 | D:3      | Noticed an ogre
  2172 | D:3      | Killed an ogre
  2173 | D:3      | Reached XP level 5. HP: 15/37 MP: 5/5
  2388 | D:3      | Reached skill level 5 in Maces & Flails
  2485 | D:3      | Reached XP level 6. HP: 44/44 MP: 6/6
  2618 | D:3      | Found an iron altar of Okawaru.
  2883 | D:3      | Found a burning altar of Makhleb.
  2920 | D:3      | Noticed Grinder
  2927 | D:3      | Killed Grinder
  2928 | D:3      | Reached skill level 6 in Maces & Flails
  3026 | D:3      | Reached XP level 7. HP: 49/49 MP: 7/7
  3027 | D:3      | Reached skill level 5 in Fighting
  4036 | D:5      | Entered Level 5 of the Dungeon
  4056 | D:5      | Found an opulent altar of Gozag.
  4108 | D:5      | Reached skill level 7 in Maces & Flails
  4140 | D:5      | Reached XP level 8. HP: 23/57 MP: 8/8
  4271 | D:5      | Found Herinuhu's Assorted Antiques.
  4399 | D:5      | Bought a scroll labelled WOXTEMAQEO for 23 gold pieces
  4399 | D:5      | Bought a sapphire potion for 20 gold pieces
  4399 | D:5      | Bought a sedimented yellow potion for 20 gold pieces
  4399 | D:5      | Bought a glowing pink potion for 20 gold pieces
  4399 | D:5      | Bought a scroll labelled WOXTEMAQEO for 23 gold pieces
  5387 | D:5      | Reached skill level 8 in Maces & Flails
  5592 | D:6      | Noticed Sigmund
  5618 | D:5      | Killed an unseen horror
  5619 | D:5      | Reached skill level 9 in Maces & Flails
  5855 | D:6      | Killed Sigmund
  5856 | D:6      | Reached XP level 9. HP: 49/64 MP: 9/9
  6253 | D:6      | Reached skill level 10 in Maces & Flails
  6902 | D:7      | Found Gumowat's Antique Armour Shoppe.
  6916 | D:7      | Found a staircase to the Ecumenical Temple.
  7140 | D:7      | Noticed Dowan
  7143 | D:7      | Noticed Duvessa
  7148 | D:7      | Killed Dowan
  7150 | Temple   | Entered the Ecumenical Temple
  7308 | D:7      | Noticed Menkaure
  7311 | D:7      | Killed Duvessa
  7554 | D:7      | Killed Menkaure
  7569 | Temple   | Became a worshipper of Cheibriados the Contemplative
  7767 | D:7      | Found a glowing golden altar of the Shining One.
  7767 | D:7      | Found a hazy altar of Hepliaklqana.
  7796 | D:7      | Noticed Harold
  7802 | D:7      | Killed Harold
  7803 | D:7      | Reached XP level 10. HP: 52/72 MP: 9/12
  7803 | D:7      | Noticed a cyclops
  7814 | D:7      | Killed a cyclops
  8127 | D:7      | Reached * piety under Cheibriados
  8196 | D:7      | Reached skill level 5 in Dodging
  8196 | D:7      | Reached skill level 5 in Shields
  8326 | D:7      | Got a slimy bone amulet
  8332 | D:7      | Identified the amulet "Viog Nai" {Faith +Fly rC+ Dex+4}
                  | (You found it on level 7 of the Dungeon)
  8334 | D:7      | Got a steaming jade ring
  8341 | D:7      | Got a wavering silver ring
  8342 | D:7      | Identified the ring of Midwinter {rPois Int+7} (You found
                  | it on level 7 of the Dungeon)
  8343 | D:7      | Identified the ring "Dinit" {rElec rPois rF+ rC+ Slay-3}
                  | (You found it on level 7 of the Dungeon)
  8350 | D:7      | Got a coiled bone ring
  8351 | D:7      | Identified the ring "Gogy" {rN+ Will+ EV+4 Str+7 Dex-5}
                  | (You found it on level 7 of the Dungeon)
  8422 | D:8      | Found a shimmering altar of Xom.
  8454 | D:8      | Reached skill level 1 in Evocations
  8880 | D:8      | Noticed an eight-headed hydra
  8893 | D:8      | Killed an eight-headed hydra
  8894 | D:8      | Reached skill level 5 in Invocations
  8895 | D:8      | Reached ** piety under Cheibriados
  9510 | D:9      | Reached *** piety under Cheibriados
  9739 | D:9      | Reached XP level 11. HP: 76/77 MP: 15/15
  9765 | D:9      | Found a burning altar of Makhleb.
  9996 | D:9      | Reached **** piety under Cheibriados
 10012 | D:9      | Found the +7 Singing Sword {vorpal, sonic wave}
 10114 | D:10     | Entered Level 10 of the Dungeon
 10248 | D:10     | Reached ***** piety under Cheibriados
 10415 | D:10     | Noticed Urug
 10440 | D:10     | Killed Urug
 10518 | D:10     | Noticed a cyclops
 10528 | D:10     | Killed a cyclops
 10529 | D:10     | Reached skill level 5 in Evocations
 10587 | D:10     | Noticed a boulder beetle
 10600 | D:10     | Found a staircase to the Lair.
 10640 | D:10     | Killed a boulder beetle
 11251 | D:11     | Noticed a boulder beetle
 11255 | D:11     | Reached skill level 1 in Axes
 11266 | D:11     | Slain by a boulder beetle

Illustrated notes

Levels and vault maps discovered:
D:1:      scummos_arrival_simple_fountains, layout_loops_ring
D:2:      layout_basic, uniq_natasha
D:3:      layout_loops_ring, nicolae_overflow_hidden_temple, minivault_24,
          okawaru_ov_weapons_minmay, uniq_grinder
D:4:      layout_loops_ring
D:5:      layout_gridville, nicolae_overflow_crystal_walls, serial_shops,
          nicolae_shop_temple_entry_statues_fountains, st_stairs_8
D:6:      layout_loops_ring, grunt_decor_fettered, uniq_sigmund
D:7:      minmay_the_grid_triangle_9x9_recursive_2
          [minmay_the_grid_triangle_9x9_prize_special,
          minmay_the_grid_triangle_9x9_checkered,
          minmay_the_grid_triangle_9x9_empty,
          minmay_the_grid_triangle_9x9_flanged_cone], layout_cave_pools,
          gammafunk_temple_overflow_elements,
          minmay_temple_entry_drinking_statues, serial_shops, shop_fountains,
          uniq_harold, uniq_menkaure, uniq_duvessa
D:8:      layout_loops_ring, xom_confusion_cloud
D:9:      old_forge, layout_rooms, david_defended_altar_orc
D:10:     layout_loops_ring, erik_lair_orcish_takeover, kennysheep_nub,
          uniq_urug
D:11:     layout_rooms, minmay_misc_feat_rows, kennysheep_windowed_goal
Temple:   regret_index_temple_sphere_string

Skill      XL: |  1  2  3  4  5  6  7  8  9 10 11 |
---------------+----------------------------------+-----
Maces & Flails | 3 4 5 6 7 9 10 | 10.9
Fighting       | 4 5 7 8 |  8.4
Dodging        | 4 6 7 |  7.4
Shields        | 4 6 7 |  7.4
Invocations    | 3 5 7 |  7.4
Evocations     | 3 6 |  6.0
Axes           | 1 |  1.1

Action                   |  1- 3 |  4- 6 |  7- 9 | 10-12 || total
-------------------------+-------+-------+-------+-------++-------
Melee: Flail             |    59 |    35 |    16 |       ||   110
       Tentacles         |     9 |     7 |    31 |    87 ||   134
       Constrict         |    11 |     8 |    37 |    52 ||   108
       Morningstar       |       |       |   154 |   199 ||   353
       Broad axe         |       |       |       |    67 ||    67
Throw: Dart              |       |       |     7 |     9 ||    16
Invok: Slouch            |       |       |       |     1 ||     1
Evoke: Wand              |       |       |       |    11 ||    11
  Use: Scroll            |     4 |     4 |     7 |    11 ||    26
       Potion            |       |       |     3 |     8 ||    11
 Stab: Sleeping          |     9 |    12 |     4 |    11 ||    36
       Invisible         |       |       |     1 |       ||     1
       Distracted        |       |       |       |     1 ||     1
Armor: Skin              |     2 |       |    17 |    30 ||    49
Dodge: Dodged            |    11 |     3 |    32 |   136 ||   182
Block: Kite shield       |    27 |    14 |    94 |   252 ||   387
